 Dungeon Crawl Stone Soup version 0.27.1-3-gb3d3a73c9e (webtiles) character file.

Game seed: 5783588411897572206

51 Dustman the Conjurer (level 3, -2/35 HPs)
             Began as an Ogre Conjurer on Oct 20, 2021.
             Slain by Sigmund (13 damage)
             ... on level 2 of the Dungeon.
             The game lasted 00:14:03 (1175 turns).

Dustman the Conjurer (Ogre Conjurer)                Turns: 1175, Time: 00:14:03

Health: -2/35      AC:  3    Str: 11    XL:     3   Next: 83%
Magic:  1/7        EV:  9    Int: 20    God:
Gold:   110        SH:  0    Dex:  7    Spells: 5/8 levels left

rFire    . . .     SeeInvis .   n - staff of conjuration
rCold    . . .     Faith    .   (no shield)
rNeg     . . .     Spirit   .   a - +0 robe
rPois    .         Reflect  .   (helmet restricted)
rElec    .         Harm     .   o - scarf {repulsion}
rCorr    .         Rampage  .   (gloves unavailable)
Will     .....                  (boots unavailable)
Stlth    +.........             (no amulet)
HPRegen  0.11/turn              (no ring)
MPRegen  0.10/turn              (no ring)

@: confused, on berserk cooldown, slowed, repel missiles, very slow
A: large, unfitting armour, tough skin 1
a: no special abilities


You were on level 2 of the Dungeon.
You visited 1 branch of the dungeon, and saw 3 of its levels.

You collected 110 gold pieces.

Inventory:

Hand Weapons
 k - a +1 rapier
Armour
 a - a +0 robe (worn)
 f - a +0 cloak
 o - a scarf of repulsion (worn)
Magical Staves
 n - a staff of conjuration (weapon)
Scrolls
 c - a scroll of immolation


   Skills:
 + Level 1.9 Fighting
 + Level 0.1 Staves
 + Level 2.2 Dodging
 + Level 1.4 Stealth
 + Level 3.1 Spellcasting
 + Level 3.9 Conjurations
 + Level 0.0 Evocations


You had 5 spell levels left.
You knew the following spells:

 Your Spells              Type           Power      Damage    Failure   Level
a - Magic Dart            Conj           100%       1d8       2%          1
b - Call Imp              Summ           3%         N/A       22%         2

Your spell library contained the following spells:

 Spells                   Type           Power      Damage    Failure   Level
 Searing Ray              Conj           56%        3d5       4%          2
 Dazzling Flash           Conj/Hex       32%        N/A       19%         3
 Mephitic Cloud           Conj/Pois/Air  12%        N/A       24%         3
 Fulminant Prism          Conj/Hex       8%         3d7       52%         4
 Iskenderun's Mystic Bla  Conj/Tloc      16%        2d5       52%         4


Dungeon Overview and Level Annotations

Branches:
Dungeon (3/15)

Altars:

Annotations:
D:2 Sigmund


Innate Abilities, Weirdness & Mutations

You are too large for most types of armour.
You have tough skin. (AC +1)


Message History

Sigmund hits you from afar with a +0 scythe.
Your shadow imp hits Sigmund but does no damage.
Your shadow imp hits Sigmund.
You aren't carrying any potions.
As you read the scroll labelled TOF EF TUCO, it crumbles to dust.
You hear a loud clanging noise!
It was a scroll of noise.
Sigmund points at you and mumbles some strange words.
You are confused.
Your shadow imp barely misses Sigmund.
Sigmund hits you but does no damage. What are your orders? t - Creak!
Anything else - Cancel.
Okay, then.
Unknown command.
What are your orders? t - Creak!
Anything else - Cancel.
You creak for attention!
Your shadow imp barely misses Sigmund.
Your shadow imp hits Sigmund but does no damage.
Sigmund casts a spell.
Sigmund flickers and vanishes!
Deactivating autopickup; reactivate with Ctrl-A.
Something hits you but does no damage.
Your shadow imp barely misses something.
You feel less wooden.
Your scarf of repulsion unmelds from your body.
Your +0 robe unmelds from your body.
You are surrounded by a repulsion field.
Your crimson imp disappears in a puff of smoke!
Your shadow imp hits something.
You hear some strange, mumbled words.
You are more confused.
Your shadow imp hits something.
Your crimson imp blinks!
Your shadow imp disappears in a puff of smoke!
Something hits you! Something hits you. Something hits you. Something hits you!
You die...

.........#.. ....#
...##...##.# #.... ..
#..###.# #...# # .
#..###.###...##.
#..............
##'###.###...######.
##...##.# #..{.......
##.<...#.###.#.#######
##.............@##
##.........###...5##
.'.................#
##..........##.....#
##.......#.##.#.#.#
##.....##.##.###.#
##...###.##.....#
##'## #.#####..# #.#
#.#####..#


You could see a friendly crimson imp (summoned).

Vanquished Creatures
  2 adders
  8 bats
  An endoplasm (D:3)
  A giant cockroach (D:2)
  A goblin (D:1)
  3 hobgoblins
  4 kobolds
  A quokka (D:2)
  4 ball pythons
  4 frilled lizards
  A rat (D:1)
30 creatures vanquished.

Vanquished Creatures (collateral kills)
  3 orcs (D:3)
  A hobgoblin (D:3)
4 creatures vanquished.

Grand Total: 34 creatures vanquished

Notes
Turn   | Place    | Note
-------+----------+-------------------------------------------
     0 | D:1      | Dustman the Ogre Conjurer began the quest for the Orb.
     0 | D:1      | Reached XP level 1. HP: 16/16 MP: 3/3
    29 | D:1      | Found a faded altar of an unknown god.
   121 | D:1      | Reached skill level 1 in Fighting
   121 | D:1      | Reached XP level 2. HP: 25/27 MP: 0/5
   361 | D:2      | Reached XP level 3. HP: 12/33 MP: 0/7
   456 | D:2      | Noticed Sigmund
   464 | D:2      | Learned a level 2 spell: Call Imp
  1175 | D:2      | Slain by Sigmund

Illustrated notes

Levels and vault maps discovered:
D:1:      dpeg_arrival_solitude, layout_rooms, dreamdust_ecumenical_altar_grove,
          st_stairs_2, minivault_19
D:2:      layout_loops_corners, uniq_sigmund
D:3:      layout_loops_ring, grunt_decor_cap, minmay_between

Skill      XL: |  1  2  3 |
---------------+----------+-----
Fighting       | 1 |  1.9
Dodging        | 2 |  2.2
Spellcasting   | 3 |  3.1
Staves         | |  0.1
Stealth        | |  1.4
Conjurations   | |  3.9

Action                   || total
-------------------------++-------
Melee: Unarmed           ||    10
       Short sword       ||     9
       Rapier            ||    11
       Staff             ||     1
 Cast: Magic Dart        ||    46
       Call Imp          ||     5
  Use: Scroll            ||     7
       Potion            ||     3
Armor: Robe              ||    24
       Skin              ||     8
Dodge: Dodged            ||    31
